Map: [ESL] Oceanborn

Players

MaNa

  • Race: Protoss Protoss
  • Spawn Location: 5:00

Spatz - Winner!

  • Race: Protoss Protoss
  • Spawn Location: 11:00

Event: ESL SC2 Masters 2023 Winter (Regional)

VOD

Have the link to the VOD?

Description

Time

  • Played on: Oct. 29, 2023, 12:23 p.m.
  • Length: 9:23

All games in this series

Show
View Real Time Build Order
Export as new Build Order

MaNa Protoss 

Build Orders: Blink Stalkers 

Get SALT Encoding   

  12  0:00  Probe  
  13  0:12  Probe  
  14  0:17  Pylon  
  14  0:24  Probe (Chrono Boost)  
  15  0:36  Probe (Chrono Boost)  
  15  0:37  Gateway  
  16  0:44  Probe (Chrono Boost)  
  16  0:47  Assimilator  
  17  0:51  Probe  
  18  0:57  Assimilator  
  18  1:03  Probe (Chrono Boost)  
  19  1:10  Gateway  
  19  1:12  Probe (Chrono Boost)  
  19  1:17  Probe (Chrono Boost)  
  20  1:24  Cybernetics Core  
  21  1:29  Probe  
  22  1:33  Pylon  
  22  1:41  Probe  
  23  1:53  Probe  
  24  2:00  Stalker  
  24  2:01  Warp Gate  
  26  2:05  Sentry, Probe  
  29  2:16  Pylon  
  29  2:28  Stalker  
  31  2:34  Stalker  
  33  2:48  Nexus  
  33  3:00  Shield Battery  
  33  3:05  Stalker  
  35  3:07  Stalker  
  37  3:20  Pylon  
  37  3:21  Twilight Council, Probe  
  38  3:29  Pylon  
  38  3:34  Probe  
  39  3:49  Stalker x2  
  39  3:50  Probe  
  39  3:52  Blink (Chrono Boost)  
  44  4:00  Probe  
  43  4:03  Probe  
  42  4:11  Phoenix  
  42  4:13  Probe  
  42  4:16  Stalker  
  45  4:20  Pylon  
  45  4:25  Probe  
  45  4:27  Robotics Facility  
  45  4:29  Probe  
  46  4:35  Pylon  
  46  4:37  Probe  
  47  4:41  Probe, Stalker  
  50  4:46  Stalker  
  50  4:49  Probe  
  51  4:53  Probe  
  52  5:01  Probe  
  54  5:08  Stalker  
  54  5:12  Stalker  
  54  5:13  Probe  
  58  5:15  Observer  
  58  5:19  Pylon  
  59  5:23  Probe  
  59  5:25  Probe  
  61  5:35  Pylon  
  59  5:46  Probe  
  59  5:47  Stalker x2  
  59  5:49  Probe  
  59  5:58  Probe  
  59  5:59  Gateway  
  59  6:01  Probe  
  61  6:07  Shield Battery  
  61  6:10  Probe  
  62  6:11  Gateway  
  62  6:13  Probe  
  62  6:18  Observer  
  63  6:20  Stalker x2  
  63  6:22  Probe  
  68  6:25  Probe  
  66  6:37  Forge  
  66  6:39  Immortal (Chrono Boost)  
  68  6:42  Pylon  
  68  6:46  Pylon  
  70  6:59  Stalker, Probe  
  70  7:01  Probe  
  70  7:05  Stalker x2  
  70  7:06  Observer  
  72  7:11  Probe  
  72  7:13  Probe  
  72  7:14  Stalker  
  76  7:19  Pylon  
  76  7:21  Assimilator  
  76  7:23  Assimilator, Probe  
  76  7:28  Stalker  
  76  7:38  Stalker  
  76  7:40  Warp Prism  
  76  7:43  Probe  
  81  7:48  Zealot x2  
  85  7:55  Stalker  
  83  8:09  Forge  
  83  8:11  Stalker  
  83  8:16  Immortal  
  83  8:27  Stalker x3  
  69  8:46  Stalker  
  63  8:50  Stalker x3  
Show
View Real Time Build Order
Export as new Build Order

Spatz Protoss - Winner!

Build Orders:  

Get SALT Encoding   

  12  0:00  Probe  
  13  0:12  Probe  
  14  0:17  Pylon  
  14  0:24  Probe (Chrono Boost)  
  15  0:37  Gateway, Probe (Chrono Boost)  
  16  0:44  Probe (Chrono Boost)  
  16  0:46  Assimilator  
  17  0:51  Probe  
  17  0:54  Assimilator  
  18  1:03  Probe (Chrono Boost)  
  19  1:06  Gateway  
  19  1:12  Probe (Chrono Boost)  
  19  1:17  Probe (Chrono Boost)  
  20  1:24  Cybernetics Core  
  21  1:29  Probe  
  22  1:33  Pylon  
  22  1:41  Probe  
  23  1:53  Probe  
  24  1:58  Warp Gate (Chrono Boost)  
  24  2:00  Adept x2  
  28  2:05  Probe  
  29  2:10  Pylon  
  29  2:28  Pylon  
  29  2:30  Adept x2  
  33  2:48  Nexus  
  33  2:54  Probe  
  34  3:03  Adept x2  
  38  3:09  Pylon  
  38  3:11  Probe  
  39  3:27  Twilight Council, Probe (Chrono Boost)  
  40  3:37  Probe (Chrono Boost)  
  41  3:41  Probe (Chrono Boost), Adept x2  
  46  3:54  Probe  
  47  3:58  Shield Battery  
  47  4:00  Probe  
  48  4:07  Probe  
  48  4:08  Robotics Facility  
  47  4:12  Sentry x2  
  47  4:13  Probe  
  47  4:14  Blink (Chrono Boost)  
  50  4:21  Probe  
  51  4:25  Probe  
  52  4:32  Gateway  
  52  4:33  Probe  
  52  4:37  Probe  
  54  4:42  Immortal (Chrono Boost)  
  54  4:43  Gateway  
  56  4:52  Shield Battery  
  56  4:53  Stalker  
  56  4:55  Observer (Chrono Boost)  
  57  5:02  Pylon  
  57  5:05  Pylon  
  57  5:15  Pylon  
  57  5:20  Immortal (Chrono Boost)  
  61  5:25  Stalker x2  
  61  5:26  Probe  
  61  5:27  Probe  
  67  5:29  Assimilator  
  67  5:34  Shield Battery  
  67  5:39  Stalker x2  
  69  5:50  Stalker  
  69  5:52  Stalker  
  69  5:56  Immortal  
  71  6:06  Stalker  
  71  6:09  Assimilator  
  71  6:12  Gateway, Stalker, Pylon  
  71  6:18  Probe  
  72  6:25  Stalker x2  
  76  6:32  Warp Prism (Chrono Boost)  
  76  6:36  Gateway  
  78  6:42  Probe  
  79  6:49  Observer  
  79  6:50  Stalker x3  
  85  6:57  Pylon  
  85  7:06  Stalker x2  
  85  7:14  Pylon  
  85  7:18  Observer  
  86  7:28  Stalker x3  
  92  7:31  Probe x2  
  92  7:42  Pylon  
  92  7:43  Probe  
  87  7:59  Stalker x4  
  87  8:00  Stalker x2  
  99  8:08  Forge  
  75  8:35  Stalker x6  
  85  8:58  Stalker x5  
Tags
 
Add a new tag
Caveats
  • Supply blocks, unpowered buildings, or Contaminate may cause inaccurate times.
  • Supply counts are checked every 10 seconds.